AoeStats
← elandres550

Arena

509624120Analyzed
1v1 RM · 6d ago on Sep 27, 2026· 37m 32s· 2 players
Game mode
Random Map
Map size
Tiny (2 player)
Population
200
Speed
Normal
Resources
Standard
Victory
Conquest
Starting age
Dark Age
Ending age
Imperial Age
RankedLock teamsTeams togetherTeam positionsShared explorationLock speedFull tech treeHidden civsTurbo modeCheats
Victory
Defeat
🇦🇷 Mongols · Argentina
1124
+17
🇹🇼 Varangians · Taiwan
1148
-17
elandres550
2:29 Loom
11:58 Feudal Age
15:45 Castle Age
13:36 Double-Bit Axe
13:34 Horse Collar
15:24 Bloodlines
16:35 Wheelbarrow
28:18 Bow Saw
28:10 Heavy Plow
30:45 Imperial Age
28:32 Hand Cart
28:25 Gold Mining
28:26 Stone Mining
28:57 Hand Cart
28:28 Town Watch
28:40 Fletching
29:07 Husbandry
30:23 Ballistics
30:00 Bodkin Arrow
30:06 Padded Archer Armor
30:58 Thumb Ring
32:23 Bracer
32:39 Leather Archer Armor
34:00 Chemistry
33:35 Parthian Tactics
rubbiscuit
10:00 Feudal Age
14:53 Castle Age
12:59 Double-Bit Axe
13:02 Horse Collar
13:17 Loom
18:19 Heavy Plow
18:47 Bow Saw
21:56 Wheelbarrow
21:35 Heavy Plow
25:45 Hand Cart
25:42 Treadmill Crane
26:19 Forging
26:16 Scale Barding Armor
30:32 Imperial Age
29:56 Stone Mining
30:02 Gold Mining
30:03 Stone Mining
31:17 Ballistics
31:09 Town Watch
31:24 Elite Skirmisher
32:28 Conscription
33:26 Two-Man Saw
33:00 Crop Rotation
32:45 Fletching
33:19 Chain Barding Armor
35:36 Chemistry
34:34 Bodkin Arrow
34:40 Padded Archer Armor
37:09 Bracer
37:25 Leather Archer Armor
Connection lost

Rejoining the realm…

Still unreachable

The connection could not be restored.

Session expired

The server has moved on; the page needs a fresh start.